 Dungeon Crawl Stone Soup version 0.32-a0-328-gd8048dd (webtiles) character file.

Game seed: 17169377658523921227

472921 jagoly the Immaculate (level 23, -9/207 (209) HPs)
             Began as an Armataur Wanderer on Feb 15, 2024.
             Was a High Priest of Zin.
             Killed by the air
             ... invoked by a titan
              (41 damage)
             ... on level 5 of the Vaults on Feb 16, 2024.
             The game lasted 06:50:25 (58053 turns).

jagoly the Immaculate (Armataur Wanderer)          Turns: 58053, Time: 06:50:26

HP:   -9/207 (209)  AC: 32    Str: 28    XL:     23   Next: 27%
MP:   28/36         EV: 11    Int: 20    God:    Zin [*****.]
Gold: 2451          SH: 17    Dex: 21    Spells: 13/26 levels left

rFire   + + .        a - +9 eveningstar (freeze)
rCold   + + +        P - +2 kite shield
rNeg    + + .        q - +2 fire dragon scales
rPois   ∞            S - +2 helmet
rElec   +            m - +2 cloak {Will+}
rCorr   +            K - +2 pair of gloves {Dex+3}
SInv    +            y - +6 lightning scales {swift, rElec}
Will    +++..        J - amulet "Riuk" {RegenMP rElec rC+++ rN+ Dex-3}
Stlth   +            X - ring of Yredelemnul's Hatred {rC+ rN+ rCorr SInv}
HPRegen 3.79/turn    H - ring of willpower
MPRegen 2.30/turn

%: roll
@: vitalised, corroded, studying 2 skills, lightly drained, quick
A: large, deformed body, tough skin 3, armoured tail, roll 2
}: 3/15 runes: decaying, slimy, gossamer
a: Renounce Religion, Recite, Vitalisation, Imprison, Sanctuary, Donate Gold


You were on level 5 of the Vaults.
You worshipped Zin.
Zin was extremely pleased with you.
You visited 10 branches of the dungeon, and saw 47 of its levels.
You visited the Abyss 1 time.
You also visited: Trove, Ossuary, Volcano and Wizlab.

You collected 6269 gold pieces.
You spent 3364 gold pieces at shops.
You donated 454 gold pieces to Zin.

Inventory:

Hand Weapons
 a - a +9 eveningstar of freezing (weapon)
Missiles
 k - 14 curare-tipped darts
 n - 6 javelins
 r - 12 silver javelins
 L - 22 boomerangs (quivered)
Armour
 m - a +2 cloak of willpower (worn)
 q - +2 fire dragon scales (worn)
 y - the +6 lightning scales (worn) {swift, rElec}
   (You found it on level 5 of the Pits of Slime)

   Swift:     It allows the wearer to cover ground more swiftly.
   rElec:     It insulates you from electricity.
 K - a +2 pair of gloves of dexterity (worn)
 P - a +2 kite shield (worn)
 S - a +2 helmet (worn)
Jewellery
 g - an amulet of regeneration
 H - a ring of willpower (right hand)
 J - the amulet "Riuk" (around neck) {RegenMP rElec rC+++ rN+ Dex-3}
   (You took it off a deep elf death mage on level 3 of the Elven Halls)

   [amulet of magic regeneration]

   RegenMP:   It increases your rate of magic regeneration.
   Dex-3:     It affects your dexterity (-3).
   rC+++:     It renders you almost immune to cold.
   rElec:     It insulates you from electricity.
   rN+:       It protects you from negative energy.
 W - the ring "Tefung" {rElec EV+5 Str+3}
   (You found it on level 5 of the Pits of Slime)

   [ring of evasion]

   EV+5:      It affects your evasion (+5).
   Str+3:     It affects your strength (+3).
   rElec:     It insulates you from electricity.
 X - the ring of Yredelemnul's Hatred (left hand) {rC+ rN+ rCorr SInv}
   (You found it on level 5 of the Pits of Slime)

   [ring of protection from cold]

   rC+:       It protects you from cold.
   rN+:       It protects you from negative energy.
   SInv:      It lets you see invisible.
   rCorr:     It protects you from acid and corrosion.
Wands
 b - a wand of charming (116)
 u - a wand of digging (21)
 x - a wand of mindburst (30)
 C - a wand of roots (37)
 Z - a wand of light (32)
Scrolls
 e - 4 scrolls of teleportation
 h - 7 scrolls of poison
 j - 5 scrolls of enchant weapon
 o - 3 scrolls of enchant armour
 B - 10 scrolls of immolation
 E - 5 scrolls of silence
 F - 6 scrolls of revelation
 G - 3 scrolls of fog
 M - 4 scrolls of fear
 N - 8 scrolls of vulnerability
 Q - 4 scrolls of blinking
Potions
 c - 8 potions of mutation
 f - 5 potions of heal wounds
 i - 2 potions of berserk rage
 p - 19 potions of curing
 v - 3 potions of enlightenment
 w - 3 potions of magic
 z - 3 potions of haste
 O - 5 potions of ambrosia
 R - a potion of invisibility
 T - 3 potions of cancellation
 U - a potion of resistance
 Y - 4 potions of might
Miscellaneous
 d - a phantom mirror
 l - a tin of tremorstones (inert)
 t - a lightning rod (4/4)
 A - a sack of spiders
 I - a phial of floods


   Skills:
 - Level 18.0 Fighting
 - Level 16.0 Maces & Flails
 - Level 2.0 Throwing
 - Level 18.0 Armour
 - Level 8.0 Dodging
 - Level 4.0 Stealth
 - Level 16.0 Shields
 - Level 2.0 Spellcasting
 - Level 18.0 Translocations
 - Level 1.0 Ice Magic
 + Level 18.7 Invocations
 - Level 12.0 Evocations


You had 13 spell levels left.
You knew the following spells:

 Your Spells              Type           Power      Damage    Failure   Level
q - Apportation           Tloc           100%       N/A       1%          1
A - Manifold Assault      Tloc           65%        N/A       1%          4
B - Blink                 Tloc           100%       N/A       1%          2
X - Dispersal             Tloc           32%        N/A       3%          6

Your spell library contained the following spells:

 Spells                   Type           Power      Damage    Failure   Level
 Lesser Beckoning         Tloc           100%       N/A       1%          2
 Momentum Strike          Conj/Tloc      76%        3d10      1%          2
 Gell's Gravitas          Tloc           65%        N/A       1%          3
 Teleport Other           Tloc           65%        N/A       1%          3
 Volatile Blastmotes      Fire/Tloc      76%        2d16      2%          3
 Freeze                   Ice            24%        1d4       26%         1
 Summon Forest            Summ/Tloc      19%        N/A       26%         5
 Magic Dart               Conj           8%         1d3       36%         1
 Necrotise                Necr           8%         1d4       36%         1
 Shock                    Conj/Air       8%         1d3       36%         1
 Sting                    Conj/Alch      8%         1d3       36%         1
 Summon Small Mammal      Summ           8%         N/A       36%         1
 Ensorcelled Hibernation  Hex/Ice        8%         N/A       43%         2
 Call Imp                 Summ           4%         N/A       50%         2
 Cigotuvi's Dreadful Rot  Necr/Alch/Air  4%         N/A       50%         2
 Searing Ray              Conj           4%         2d4       50%         2
 Static Discharge         Conj/Air       4%         3-4/arc   50%         2
 Sublimation of Blood     Necr           2%         N/A       50%         2
 Frozen Ramparts          Ice            12%        1d2       58%         3
 Ozocubu's Armour         Ice            6%         N/A       58%         3
 Hailstorm                Conj/Ice       4%         3d5       67%         3
 Summon Ice Beast         Ice/Summ       4%         N/A       67%         3
 Call Canine Familiar     Summ           2%         N/A       75%         3
 Dazzling Flash           Conj/Hex       4%         N/A       75%         3
 Fugue of the Fallen      Necr           2%         N/A       75%         3
 Mephitic Cloud           Conj/Alch/Air  2%         N/A       75%         3
 Passwall                 Erth           2%         N/A       75%         3
 Swiftness                Air            2%         N/A       75%         3
 Airstrike                Air            1%         2d(1-17)  98%         4
 Animate Armour           Summ/Erth      4%         N/A       98%         4
 Fulminant Prism          Conj/Alch      1%         3d5       98%         4
 Martyr's Knell           Necr/Summ      2%         N/A       98%         4
 Olgreb's Toxic Radiance  Alch           2%         N/A       98%         4
 Summon Blazeheart Golem  Fire/Summ      2%         N/A       98%         4
 Summon Lightning Spire   Summ/Air       2%         N/A       98%         4
 Alistair's Intoxication  Alch           1%         N/A       100%        5
 Borgnjor's Vile Clutch   Necr/Erth      1%         N/A       100%        5
 Fireball                 Conj/Fire      1%         3d3       100%        5
 Iskenderun's Battlesphe  Conj           2%         2d6       100%        5
 Lee's Rapid Deconstruct  Erth           1%         3d4*      100%        5
 Summon Mana Viper        Hex/Summ       2%         N/A       100%        5
 Bombard                  Conj/Erth      1%         9d1       100%        6
 Conjure Ball Lightning   Conj/Air       1%         3x3d6     100%        6
 Eringya's Noxious Bog    Alch           1%         4d6       100%        6
 Starburst                Conj/Fire      1%         6d3       100%        6
 Malign Gateway           Summ/Tloc      19%        N/A       100%        7
 Monstrous Menagerie      Summ           1%         N/A       100%        7
 Orb of Destruction       Conj           1%         9d5       100%        7
 Ozocubu's Refrigeration  Ice            3%         4d8       100%        7
 Spellforged Servitor     Conj/Summ      1%         N/A       100%        7
 Summon Hydra             Summ           1%         N/A       100%        7
 Discord                  Hex            1%         N/A       100%        8
 Maxwell's Capacitive Co  Air            1%         ∞         100%        8
 Dragon's Call            Summ           1%         N/A       100%        9


Dungeon Overview and Level Annotations

Branches:
Dungeon (15/15) Zot: 24909  Temple (1/1) D:4 Zot: 5975    Lair (5/5) D:9 Zot: 23402
  Swamp (4/4) Lair:3 Zot: 21237  Spider (4/4) Lair:2 Zot: 17747   Slime (5/5) Lair:5 Zot: 26037
    Orc (2/2) D:11 Zot: 9580     Elf (3/3) Orc:2 Zot: 12432  Vaults (5/5) D:13 Zot: 21876
  Crypt (3/3) Vaults:3 Zot: 12261    Tomb (0/3) Crypt:3      Depths (0/4) D:15
Ossuary (visited)         Volcano (visited)          WizLab (visited)

Altars:
Ashenzari
Cheibriados
Dithmenos
Elyvilon
Fedhas
Gozag
Hepliaklqana
Kikubaaqudgha
Makhleb
Nemelex Xobeh
Okawaru
Qazlal
Ru
Sif Muna
Trog
Uskayaw
Vehumet
Wu Jian
Xom
Yredelemnul
Zin
The Shining One
Beogh
Jiyva
Lugonu

Shops:
D:3 [   D:6 [   D:9 (!*   D:11 (   D:13 ?   Orc:2 ?[(!   Elf:2 *   Vaults:1 ?
Vaults:2 *!


Innate Abilities, Weirdness & Mutations

Armour fits poorly on your strangely shaped body.
You have extremely tough skin. (AC +3)
You have a long armoured tail.
You regenerate magic and health when rolling toward enemies. (Rampage Regen)


Message History

The vault warden is moderately wounded. "...not to stray from lawfulness, lest..."
The vault warden is dazed by your recitation.
The vault warden shouts!
The titan is dazed by your recitation.
The yaktaur is confused by your recitation.
The yaktaur shouts!
You hear a shout!
You closely miss the vault warden.
The vault warden is moderately wounded. "...they become as damned as the bastard children of Xom."
The freezing wraith is turned into a pillar of salt by the wrath of Zin!
You destroy the freezing wraith!
You finish reciting Abominations 18:80.
You barely miss the vault warden.
The vault warden is moderately wounded.
The vault warden is lost in a daze.
The titan is lost in a daze.
You bludgeon the vault warden!! You freeze the vault warden.
Your tail-slap misses the vault warden.
The vault warden is severely wounded.
The vault warden barely misses you.
The titan hits the freezing wraith shaped pillar of salt!
The freezing wraith shaped pillar of salt is destroyed!
You puncture the vault warden! You freeze the vault warden.
Your tail-slap misses the vault warden.
The vault warden is almost dead.
The vault warden is lost in a daze.
You barely miss the vault warden. You tail-slap the vault warden.
The vault warden is almost dead.
You closely miss the vault warden.
Your tail-slap misses the vault warden.
The vault warden is almost dead.
You block the vault warden's attack. The golden dragon closely misses you.
The golden dragon claws you!
The golden dragon tramples you but does no damage.
The yaktaur unwields a +0 arbalest.
The yaktaur closely misses the shadow dragon.
The yaktaur hits itself but does no damage.
You puncture the vault warden! You freeze the vault warden.
The vault warden is almost dead.
The vault warden hits you with a +1 vampiric war axe.
The vault warden draws strength from your wounds!
The golden dragon breathes fire at you.
The bolt of fire hits you but does no damage.
You hear a shout!
You hit the vault warden. You freeze the vault warden.
You kill the vault warden!
The shadow dragon breathes negative energy at you.
The bolt of negative energy hits you. You partially resist.
You feel drained.
You block the golden dragon's attack. x2
The golden dragon tramples you but does no damage.
The titan points at you and mumbles some strange words.
The bolt of lightning hits you! You resist.
You hear a shout! x2; You hear a horrible gurgling sound!
You hear a shout!
You hear a horrible gurgling sound!
You bludgeon the golden dragon!! You freeze the golden dragon.
The golden dragon is moderately wounded.
The yaktaur hits the shadow dragon but does no damage.
The golden dragon barely misses you. You block the golden dragon's attack.
The golden dragon tramples you but does no damage.
The titan is lost in a daze.
You sock the golden dragon! You freeze the golden dragon.
You tail-slap the golden dragon, but do no damage.
The golden dragon is moderately wounded.
You impale the golden dragon!! You freeze the golden dragon.
The golden dragon is severely wounded.
The yaktaur seems less confused.
You block the shadow dragon's attack.
The shadow dragon claws you but does no damage.
You block the shadow dragon's attack. You block the golden dragon's attack.
The golden dragon claws you but does no damage.
The golden dragon tramples you but does no damage.
You bludgeon the golden dragon!! You freeze the golden dragon.
The golden dragon is almost dead.
The golden dragon breathes cold at you. The bolt of cold misses you.
The shadow dragon barely misses you. The shadow dragon claws you.
You block the shadow dragon's attack.
You hear a shout!
You puncture the golden dragon! You freeze the golden dragon.
You kill the golden dragon!
The frost giant gestures at you while chanting.
The bolt of cold hits the shadow dragon!
The shadow dragon resists.
The bolt of cold hits you! You resist. You block the shadow dragon's attack.
The shadow dragon claws you!
The shadow dragon claws you but does no damage.
You puncture the shadow dragon!
The shadow dragon is lightly wounded.
You impale the shadow dragon!! You freeze the shadow dragon.
The shadow dragon is moderately wounded.
The shadow dragon breathes negative energy at you.
The bolt of negative energy hits you. You partially resist.
You feel drained.
The titan is lost in a daze.
You barely miss the shadow dragon.
You tail-slap the shadow dragon, but do no damage.
The shadow dragon is moderately wounded.
The titan is no longer dazed.
The shadow dragon bites you but does no damage.
The shadow dragon claws you but does no damage. x2
The frost giant points at you and mumbles some strange words.
The bolt of cold hits the shadow dragon.
The shadow dragon resists.
The bolt of cold hits you. You resist. The titan hits you!
The entropy weaver gestures at you while chanting.
The entropic weave corrodes you!
You puncture the shadow dragon!
You tail-slap the shadow dragon, but do no damage.
The shadow dragon is heavily wounded.
The titan hits you!!!
The shadow dragon bites you but does no damage.
The shadow dragon claws you but does no damage.
You block the shadow dragon's attack.
Aiming: Bolt of Light
Press: ? - help, Shift-Dir - straight line, f - shadow dragon
Aim: a shadow dragon (heavily wounded, softly glowing, 83% to hit)
The bolt of light hits the shadow dragon!
The shadow dragon is heavily wounded.
The shadow dragon is blinded.
The bolt of light hits the yaktaur!
The yaktaur is heavily wounded.
The yaktaur is blinded.
You block the titan's attack.
You block the shadow dragon's attack. x2
The shadow dragon claws you but does no damage.
The frost giant gestures at you while chanting.
The bolt of cold hits the shadow dragon.
The shadow dragon resists.
The bolt of cold hits you! You resist.
Aiming: Bolt of Light
Press: ? - help, Shift-Dir - straight line, f - frost giant, p - shadow dragon
Aim: a frost giant, wielding a +2 battleaxe of freezing (98% to hit)
The bolt of light hits the titan!!!
The titan is moderately wounded.
The titan is blinded.
The bolt of light hits the frost giant!!
The frost giant is moderately wounded.
The frost giant is blinded.
You block the titan's attack.
The shadow dragon bites you but does no damage.
The shadow dragon closely misses you. You block the shadow dragon's attack.
Zin grants you divine stamina.
The yaktaur wields a +0 arbalest.
The yaktaur shoots a bolt.
The bolt hits the shadow dragon.
The titan gestures at you while chanting.
The bolt of lightning hits you! You resist.
The shadow dragon breathes negative energy at you.
The bolt of negative energy hits you. You partially resist.
You feel drained.
An ancient lich comes into view.
You hear a horrible gurgling sound!
Hit: a) +9 eveningstar (freeze)
Press: ? - help, Dir - move target, f - shadow dragon, p - frost giant
Aim: a shadow dragon (heavily wounded, blind, unable to see you, softly glowing, about 12% to evade your +9 eveningstar of freezing)
You sock the shadow dragon!
The shadow dragon is severely wounded.
The titan waves its arms in wide circles.
The air twists around and strikes you.
You block the shadow dragon's attack. x2
The shadow dragon claws you but does no damage.
Hit: a) +9 eveningstar (freeze)
Press: ? - help, Dir - move target, f/p - shadow dragon
Aim: a shadow dragon (severely wounded, blind, unable to see you, softly glowing, about 12% to evade your +9 eveningstar of freezing)
You hit the shadow dragon.
The shadow dragon is severely wounded.
The ancient lich casts a spell.
The ancient lich flickers and vanishes for a moment.
The yaktaur shoots a bolt.
The bolt completely misses the entropy weaver.
The bolt hits the shadow dragon.
Hit: a) +9 eveningstar (freeze)
Press: ? - help, Dir - move target, f/p - shadow dragon
Aim: a shadow dragon (severely wounded, blind, unable to see you, softly glowing, about 12% to evade your +9 eveningstar of freezing)
You bludgeon the shadow dragon!!
The shadow dragon is almost dead.
The shadow dragon is no longer blind.
The shadow dragon stops glowing.
The frost giant is no longer blind.
The titan hits you but does no damage.
The shadow dragon breathes negative energy at you.
The bolt of negative energy misses you.
Hit: a) +9 eveningstar (freeze)
Press: ? - help, Dir - move target, f/p - shadow dragon
Aim: a shadow dragon (almost dead, about 22% to evade your +9 eveningstar of freezing)
You sock the shadow dragon!
You kill the shadow dragon!
Zin accepts your kill.
The titan is no longer blind.
The yaktaur shoots a bolt.
The bolt barely misses the entropy weaver.
The bolt hits you but does no damage. You block the titan's attack.
An ironbound preserver comes into view. It is wielding a +0 morningstar.
The entropy weaver casts a spell at you.
The entropic weave corrodes you! The titan casts a spell at you.
The bolt of lightning hits you! You resist.
The frost giant attacks as it pursues you!
The frost giant closely misses you.
You hear a horrible gurgling sound!
You see here a +0 arbalest.
The yaktaur is no longer blind.
The titan waves its arms in wide circles.
The air twists around and strikes you!!
You are ready to recite again.
Things that are here:
a +0 short sword; a +0 robe The frost giant gestures at you while chanting.
The bolt of cold hits you! You resist.
The titan waves its arms in wide circles.
The air twists around and strikes you!!
* * * LOW HITPOINT WARNING * * *
The entropy weaver casts a spell at you.
The entropic weave corrodes you!
The entropy weaver gestures at you while chanting.
The entropic weave corrodes you!
The entropy weaver casts a spell at you.
The entropic weave corrodes you!
The entropy weaver casts a spell at you.
The entropic weave corrodes you!
You roll towards the entropy weaver!
You puncture the entropy weaver! You freeze the entropy weaver.
The entropy weaver is moderately wounded.
The entropy weaver hits you but does no damage.
You block the entropy weaver's attack. x3
Hit: a) +9 eveningstar (freeze)
Press: ? - help, Dir - move target, f - entropy weaver
Aim: an entropy weaver (moderately wounded, about 27% to evade your +9 eveningstar of freezing)
You impale the entropy weaver!! You freeze the entropy weaver!
Your tail-slap misses the entropy weaver.
The entropy weaver is severely wounded.
You block the entropy weaver's attack. x3
The entropy weaver closely misses you.
Hit: a) +9 eveningstar (freeze)
Press: ? - help, Dir - move target, f/p - entropy weaver
Aim: an entropy weaver (severely wounded, about 27% to evade your +9 eveningstar of freezing)
You puncture the entropy weaver! You freeze the entropy weaver!
The entropy weaver is almost dead.
You block the entropy weaver's attack.
The entropy weaver hits you but does no damage.
You block the entropy weaver's attack. x2
Hit: a) +9 eveningstar (freeze)
Press: ? - help, Dir - move target, f/p - entropy weaver
Aim: an entropy weaver (almost dead, about 27% to evade your +9 eveningstar of freezing)
You hit the entropy weaver but do no damage.
The entropy weaver is almost dead.
Hit: a) +9 eveningstar (freeze)
Press: ? - help, Dir - move target, f - frost giant, p - entropy weaver
Aim: a frost giant, wielding a +2 battleaxe of freezing (about 9% to evade your +9 eveningstar of freezing)
You puncture the frost giant!
The frost giant is lightly wounded.
Hit: a) +9 eveningstar (freeze)
Press: ? - help, Dir - move target, f - entropy weaver, p - frost giant
Aim: an entropy weaver (almost dead, about 27% to evade your +9 eveningstar of freezing)
You hit the entropy weaver. You freeze the entropy weaver.
The entropy weaver is almost dead.
The entropy weaver points at you and mumbles some strange words.
The entropic weave corrodes you!
Hit: a) +9 eveningstar (freeze)
Press: ? - help, Dir - move target, f/p - entropy weaver
Aim: an entropy weaver (almost dead, about 27% to evade your +9 eveningstar of freezing)
You bludgeon the entropy weaver!! You freeze the entropy weaver.
You kill the entropy weaver!
The frost giant misses you.
Aiming: Bolt of Light
Press: ? - help, Shift-Dir - straight line, f - frost giant
Aim: a frost giant, wielding a +2 battleaxe of freezing (lightly wounded, 98% to hit)
The bolt of light hits the frost giant!!
The frost giant is moderately wounded.
The frost giant is blinded.
The bolt of light hits the titan!!
The titan is moderately wounded.
The titan is blinded.
The frost giant points at you and mumbles some strange words.
The bolt of cold hits you. You resist.
Hit: a) +9 eveningstar (freeze)
Press: ? - help, Dir - move target, f/p - frost giant
Aim: a frost giant, wielding a +2 battleaxe of freezing (moderately wounded, blind, unable to see you, about 9% to evade your +9 eveningstar of freezing)
You hit the frost giant but do no damage.
The frost giant is moderately wounded.
The frost giant points at you and mumbles some strange words.
The bolt of cold misses you.
Hit: a) +9 eveningstar (freeze)
Press: ? - help, Dir - move target, f/p - frost giant
Aim: a frost giant, wielding a +2 battleaxe of freezing (moderately wounded, blind, unable to see you, about 9% to evade your +9 eveningstar of freezing)
You strike the helpless frost giant from behind!
You impale the frost giant!!
The frost giant is heavily wounded.
You block the frost giant's attack.
Hit: a) +9 eveningstar (freeze)
Press: ? - help, Dir - move target, f/p - frost giant
Aim: a frost giant, wielding a +2 battleaxe of freezing (heavily wounded, blind, unable to see you, about 9% to evade your +9 eveningstar of freezing)
You barely miss the frost giant.
You tail-slap the frost giant, but do no damage.
The frost giant is heavily wounded.
Hit: a) +9 eveningstar (freeze)
Press: ? - help, Dir - move target, f/p - frost giant
Aim: a frost giant, wielding a +2 battleaxe of freezing (heavily wounded, blind, unable to see you, about 9% to evade your +9 eveningstar of freezing)
You puncture the frost giant! You freeze the frost giant.
The frost giant is severely wounded.
The titan is no longer blind.
The frost giant is no longer blind.
You block the frost giant's attack. You block the titan's attack.
Hit: a) +9 eveningstar (freeze)
Press: ? - help, Dir - move target, f/p - frost giant
Aim: a frost giant, wielding a +2 battleaxe of freezing (severely wounded, about 9% to evade your +9 eveningstar of freezing)
You hit the frost giant. You tail-slap the frost giant.
The frost giant is severely wounded.
The frost giant casts a spell at you. The bolt of cold hits you! You resist.
Hit: a) +9 eveningstar (freeze)
Press: ? - help, Dir - move target, f/p - frost giant
Aim: a frost giant, wielding a +2 battleaxe of freezing (severely wounded, about 9% to evade your +9 eveningstar of freezing)
You thump the frost giant! You freeze the frost giant.
The frost giant is almost dead.
The titan waves its arms in wide circles.
The air twists around and strikes you!!
* * * LOW HITPOINT WARNING * * *
The frost giant gestures at you while chanting.
The bolt of cold hits you! You resist.
* * * LOW HITPOINT WARNING * * *
Hit: a) +9 eveningstar (freeze)
Press: ? - help, Dir - move target, f/p - frost giant
Aim: a frost giant, wielding a +2 battleaxe of freezing (almost dead, about 9% to evade your +9 eveningstar of freezing)
You hit the frost giant.
You tail-slap the frost giant, but do no damage.
The frost giant is almost dead.
The titan casts a spell at you. The bolt of lightning misses you.
You hear an angry hiss.
You hear a shout! x4; You hear two shouts!
You hear a shout! x2; You hear a deafening roar!
You hear a shout!
Hit: a) +9 eveningstar (freeze)
Press: ? - help, Dir - move target, f/p - frost giant
Aim: a frost giant, wielding a +2 battleaxe of freezing (almost dead, about 9% to evade your +9 eveningstar of freezing)
You impale the frost giant!!
You kill the frost giant!
The yaktaur shoots a bolt.
You block the bolt. The titan hits you!!
* * * LOW HITPOINT WARNING * * *
Press: ? - help, v - describe, . - travel The floor, spattered with blood.
Unknown command.
Press: ? - help, v - describe, . - travel
Here: a titan (moderately wounded)
The floor.
Unknown command.
Press: ? - help, v - describe, . - travel
Here: a titan (moderately wounded)
The floor.
Unknown command.
Press: ? - help, v - describe, . - travel
Here: a titan (moderately wounded)
The floor.
Unknown command.
You roll towards the yaktaur!
You hit the yaktaur. You freeze the yaktaur.
The yaktaur is lightly wounded.
Cast which spell? (? or * to list) Space momentarily warps into an impossible shape!
You hit the titan. You freeze the titan. You completely miss the yaktaur.
You hit the ironbound preserver. You freeze the ironbound preserver.
Your divine stamina fades away.
The yaktaur unwields a +0 arbalest.
The yaktaur hits you but does no damage.
The titan hits you!
* * * LOW HITPOINT WARNING * * *
Activating: Sanctuary (0% risk of failure)
Press: ? - help, Dir - look around, f - activate You hear a choir sing!
By Zin's power, all blood is cleared from the sanctuary.
The monsters scatter in all directions!
Zin will no longer cleanse your potions of mutation.
Unknown command.
You are confused.
You feel invigorated.
The yaktaur cowers, then darts away.
You feel less invigorated.
You feel less confused.
You feel better.
You roll towards the ironbound preserver!
You roll towards the ironbound preserver!
You roll towards the ironbound preserver!
You see here a +2 battleaxe of freezing.
Zin grants you divine stamina.
You roll towards the ironbound preserver!
Okay, then.
The sanctuary disappears.
You block the ironbound preserver's attack.
You block the yaktaur's attack.
You roll towards the titan!
You bludgeon the titan!! You freeze the titan!
You tail-slap the titan, but do no damage.
The titan is heavily wounded.
The ironbound preserver attacks as it pursues you!
The ironbound preserver completely misses you.
The yaktaur attacks as it pursues you! You block the yaktaur's attack.
You block the titan's attack.
Hit: a) +9 eveningstar (freeze)
Press: ? - help, Dir - move target, f - titan
Aim: a titan (heavily wounded, about 9% to evade your +9 eveningstar of freezing)
You hit the titan but do no damage.
Your tail-slap misses the titan.
The titan is heavily wounded.
You block the ironbound preserver's attack.
The titan gestures wildly while chanting.
The titan is healed somewhat.
You block the yaktaur's attack.
Hit: a) +9 eveningstar (freeze)
Press: ? - help, Dir - move target, f/p - titan
Aim: a titan (moderately wounded, about 9% to evade your +9 eveningstar of freezing)
Okay, then.
Cast which spell? (? or * to list) Space momentarily warps into an impossible shape!
You puncture the yaktaur! You freeze the yaktaur! You impale the titan!!
You freeze the titan. You hit the ironbound preserver.
You freeze the ironbound preserver.
You block the ironbound preserver's attack.
You block the yaktaur's attack. The titan hits you!!
Cast which spell? (? or * to list) Space momentarily warps into an impossible shape!
You bludgeon the titan!! You freeze the titan. You impale the yaktaur!!
You freeze the yaktaur.
You kill the yaktaur!
You bludgeon the ironbound preserver!! You freeze the ironbound preserver.
The ettin closely misses you.
The ettin hits you with a +0 dire flail!!
* * * LOW HITPOINT WARNING * * *
The ironbound preserver barely misses you.
The titan gestures wildly while chanting.
The titan is healed somewhat.
Cast which spell? (? or * to list) Space momentarily warps into an impossible shape!
You hit the ettin but do no damage. You puncture the titan!
You freeze the titan. You sock the ironbound preserver!
You freeze the ironbound preserver. You block the ettin's attack.
The ettin barely misses you.
The ironbound preserver casts a spell.
The ironbound preserver begins to accept its allies' injuries.
You block the titan's attack.
Cast which spell? (? or * to list) Space momentarily warps into an impossible shape!
You impale the titan!! You freeze the titan. You puncture the ettin!
You freeze the ettin. You sock the ironbound preserver!
You freeze the ironbound preserver. The ettin misses you.
The ettin hits you with a +0 dire flail!!
* * * LOW HITPOINT WARNING * * *
The ironbound preserver hits you with a +0 morningstar!
* * * LOW HITPOINT WARNING * * *
The titan closely misses you.
Cast which spell? (? or * to list)
You blink.
The titan casts a spell.
The titan is healed somewhat.
Press: ? - help, v - describe, . - travel
Here: a titan (almost dead, sheltered from injuries)
The floor, spattered with blood.
Unknown command.
Cast which spell? (? or * to list) Space momentarily warps into an impossible shape!
You bludgeon the ettin!! You freeze the ettin.
You bludgeon the ironbound preserver!! You freeze the ironbound preserver!
You hit the titan. You freeze the titan.
The ironbound preserver gestures wildly while chanting.
The ironbound preserver is healed somewhat.
The titan casts a spell.
The titan is healed somewhat.
Cast which spell? (? or * to list) Space momentarily warps into an impossible shape!
You hit the ironbound preserver. You freeze the ironbound preserver.
You hit the titan. You freeze the titan. You bludgeon the ettin!!
You freeze the ettin.
You feel ready to blink again.
The ironbound preserver mumbles some strange words.
The ironbound preserver is healed somewhat.
The titan waves its arms in wide circles.
The air twists around and strikes you.
* * * LOW HITPOINT WARNING * * *
Aiming: Bolt of Light
Press: ? - help, Shift-Dir - straight line, f - ironbound preserver, p - titan
Aim: an ironbound preserver, wielding a +0 morningstar, wearing a +0 ring mail and quivering stones (almost dead, 92% to hit)
The bolt of light hits the ettin!
The ettin is heavily wounded.
The ettin is blinded.
The bolt of light hits the titan!!
The titan is severely wounded.
The titan is blinded.
The bolt of light hits the ironbound preserver!!
You kill the ironbound preserver!
You block the ettin's attack. The ettin misses you.
The titan casts a spell.
The titan is healed somewhat.
Press: ? - help, v - describe, . - travel
Here: an ettin, wielding two +0 dire flails (heavily wounded, blind, unable to see you)
The floor.
Unknown command.
Press: ? - help, v - describe, . - travel
Here: an ettin, wielding two +0 dire flails (heavily wounded, blind, unable to see you)
The floor.
Unknown command.
Cast which spell? (? or * to list) Space momentarily warps into an impossible shape!
You hit the ettin. You freeze the ettin. You barely miss the titan.
The ettin barely misses you. The ettin hits you but does no damage.
Cast which spell? (? or * to list) Space momentarily warps into an impossible shape!
You barely miss the titan. You barely miss the ettin.
The titan is no longer blind.
Cast which spell? (? or * to list) Space momentarily warps into an impossible shape!
You completely miss the ettin. You bludgeon the titan!! You freeze the titan!
The ettin hits you with a +0 dire flail!!
* * * LOW HITPOINT WARNING * * *
The ettin hits you but does no damage.
The titan waves its arms in wide circles.
The air twists around and strikes you!!
* * * LOW HITPOINT WARNING * * *
Unknown command.
Blink to where?
Press: ? - help, Dir - move target
As you read the scroll of blinking, it crumbles to dust.
The titan waves its arms in wide circles.
The air twists around and strikes you!!!
You die...

...# ..#C.#
#...##.#..# #...#.#..#
#....#..# #...#..#
#..#..# #....# #
#################....#
.
...........$..@......#
.
.......CC...)........#
.
.....................#
.
....................[#
#
##############.......#
.####...# #. #...# #.
#...# #...#


You could see a titan and an ettin (blind, unable to see you).

Vanquished Creatures
  the Royal Jelly (Slime:5)
  A dread lich (Crypt:3)
  The ghost of Nyubb the Impregnable, a veteran MiGl of Hepliaklqana (Crypt:2)
  Bai Suzhen (Vaults:4)
  the Lernaean hydra (Swamp:4)
  Nikola (Elf:1)
  2 golden dragons (Vaults:5)
  Arachne (Spider:2)
  A Cloud Mage (WizLab)
  A tentacled monstrosity (Vaults:5)
  Rupert (D:15)
  Jorgrun (Spider:2)
  3 liches (Crypt:3)
  2 deep elf master archers (Elf:3)
  2 deep elf blademasters (Elf:3)
  13 acid blobs
  A tentacled starspawn (Abyss:1)
  3 sphinxes
  The ghost of Ynitteir the Wrestler, an adept TrFi of Wu Jian (Spider:3)
  2 ancient champions (Crypt:2)
  2 shadow dragons (Vaults:5)
  Donald (Spider:1)
  2 thorn hunters
  A tengu reaver (Vaults:4)
  8 rockslimes
  10 azure jellies
  5 emperor scorpions
  4 revenants
  6 deep elf sorcerers
  A frost giant (Vaults:5)
  5 curse skulls
  13 vault wardens
  A spectral caustic shrike (Crypt:3)
  3 orc warlords
  3 deep elf elementalists (Elf:3)
  5 ghouls
  9 quicksilver oozes
  3 broodmothers
  18 ironbound preservers
  3 ironbound thunderhulks
  A vampire knight (Crypt:3)
  2 reapers
  2 formless jellyfish
  9 spark wasps
  7 deep elf demonologists (Elf:3)
  6 deep elf annihilators
  7 eleionomae
  14 deep elf death magi
  A lorocyproca (Abyss:1)
  2 dire elephants (Vaults:1)
  2 war gargoyles (Vaults:3)
  3 bunyips
  A blizzard demon (WizLab)
  8 eidola
  2 ettins
  2 crystal guardians (Vaults:1)
  Josephine (Orc:1)
  6 jiangshi
  3 deep elf high priests (Elf:3)
  3 great orbs of eyes
  41 vault guards
  3 shambling mangroves
  8 entropy weavers
  8 yaktaur captains
  Erolcha (Orc:1)
  15 ironbound frosthearts
  A spriggan air mage (WizLab)
  7 centaur warriors
  2 peacekeepers
  9 ogre magi
  3 radroaches
  12 alligators
  3 ghost crabs (WizLab)
  A jorogumo (Spider:1)
  21 hydras
  6 boulder beetles
  4 catoblepae
  26 dancing weapons
  A death knight (Crypt:2)
  The ghost of Dorkslayer the Martial Artist, a journeyman OpSh of Dithmenos (D:10)
  11 two-headed ogres
  A sphinx skeleton (Crypt:2)
  2 tengu warriors (D:14)
  4 vampire magi
  A deep troll earth mage (D:15)
  2 shock serpents (WizLab)
  2 death scarabs (Spider:3)
  10 demonic crawlers
  A spectral naga (Crypt:3)
  14 death yaks
  A titan zombie (Vaults:4)
  An Orb Guardian skeleton (Crypt:1)
  An orc high priest (Elf:1)
  A sun demon (Volcano)
  A soul eater (Crypt:2)
  9 deep elf knights
  A skyshark (shapeshifter) (Vaults:4)
  Amaemon (Lair:2)
  A wretched star (Abyss:1)
  20 shadow wraiths
  27 skeletal warriors
  8 pharaoh ants
  An anaconda zombie (Crypt:1)
  5 flayed ghosts
  7 large abominations (Abyss:1)
  7 orb spiders
  3 glowing orange brains
  6 sun moths
  30 deep trolls
  7 spriggan druids
  6 death drakes (WizLab)
  5 goliath frogs
  3 bog bodies
  5 arcanists
  5 deep elf archers
  11 steelbarb worms
  9 swamp dragons
  A spriggan simulacrum (Crypt:1)
  11 ironbound convokers
  3 spectral wolf spiders (Spider:3)
  25 phantasmal warriors
  6 lindwurms
  11 orc knights
  6 harpies
  A harpy (shapeshifter) (D:14)
  3 necromancers
  27 deep elf pyromancers
  20 wolf spiders
  A human zombie (Vaults:4)
  An obsidian statue (D:10)
  14 deep elf zephyrmancers
  22 ugly things
  2 cyclopes
  3 starcursed masses (Abyss:1)
  A glowing shapeshifter (Vaults:5)
  3 will-o-the-wisps
  Maurice (D:10)
  2 orc sorcerers
  8 manticores
  A worldbinder (Abyss:1)
  Joseph (D:7)
  10 meliai
  4 moths of wrath
  2 kobold blastminers (Orc:1)
  5 shining eyes
  An alligator skeleton (Crypt:3)
  2 molten gargoyles (Volcano)
  17 vault sentinels
  An eye of devastation (Slime:4)
  4 black mambas
  6 elephants
  A smoke demon (Abyss:1)
  An eye of devastation (shapeshifter) (Vaults:5)
  18 cane toads
  An orange demon (Lair:2)
  7 torpor snails
  2 apocalypse crabs (WizLab)
  2 efreet
  10 komodo dragons
  A naga skeleton (Crypt:1)
  3 rime drakes
  An unseen horror (D:11)
  12 yaktaurs
  A mana viper skeleton (Crypt:2)
  3 kobold demonologists (D:14)
  8 freezing wraiths
  A ghost moth simulacrum (Spider:3)
  Psyche (D:8)
  4 tengu conjurers (D:14)
  2 spectral harpies (Crypt:3)
  A yellow draconian skeleton (Crypt:2)
  4 guardian mummies
  A black draconian skeleton (Crypt:1)
  A harpy zombie (Crypt:1)
  3 red devils (Volcano)
  A troll (shapeshifter) (D:15)
  A wind drake (WizLab)
  7 trolls
  5 glass eyes
  2 polar bears
  21 blink frogs
  Prince Ribbit (D:6)
  11 hornets
  A merfolk zombie (Crypt:1)
  8 dream sheep
  26 tarantellas
  8 tyrant leeches
  3 raiju (Abyss:1)
  An ettin zombie (Vaults:4)
  93 slime creatures
  17 jumping spiders
  11 spriggans
  Sigmund (D:3)
  A spriggan (shapeshifter) (Vaults:5)
  8 air elementals
  20 culicivoras
  9 shadows (Crypt:3)
  55 yaks
  2 vampires
  4 water elementals
  7 wyverns
  2 fire bats (Volcano)
  14 wraiths
  A ynoxinul (Abyss:1)
  A warg (shapeshifter) (D:15)
  2 yaks (shapeshifter)
  4 fire elementals
  11 wargs
  4 basilisks
  22 vampire mosquitoes
  51 redbacks
  A chaos spawn (Abyss:1)
  A fire bat zombie (Crypt:3)
  A spectral entropy weaver (Spider:3)
  A human simulacrum (Vaults:4)
  A demonspawn zombie (Crypt:1)
  19 swamp worms
  7 acid dragons
  Duvessa (D:4)
  A deep troll skeleton (Crypt:2)
  A water moccasin (shapeshifter) (D:14)
  A hell hound (Volcano)
  13 water moccasins
  A demonspawn skeleton (Crypt:3)
  Pargi (D:3)
  37 laughing skulls
  A meliai simulacrum (D:14)
  12 orc warriors
  An ice beast (D:5)
  5 black bears
  A manticore zombie (Crypt:1)
  12 ogres
  3 small abominations (Abyss:1)
  8 swamp drakes
  28 wolves
  A manticore skeleton (Crypt:1)
  14 centaurs
  A blink frog skeleton (Crypt:1)
  A phantom (D:5)
  A brain worm (Abyss:1)
  10 weeping skulls
  3 kobold brigands
  17 bullfrogs
  A wyvern zombie (Crypt:2)
  A scorpion (D:5)
  2 necrophages (Crypt:3)
  5 water moccasin zombies (Ossuary)
  2 earth elementals (Elf:1)
  5 killer bees (D:11)
  17 wights
  Dowan (D:4)
  A raiju zombie (Crypt:3)
  A spriggan skeleton (Crypt:3)
  5 electric eels
  8 howler monkeys
  4 bombardier beetles
  4 lava snakes (Volcano)
  13 orc priests
  A hound (D:4)
  Crazy Yiuf (D:7)
  6 jellies
  3 gnoll boudas
  A spectral scorpion (Ossuary)
  Jessica (D:3)
  Ijyb (D:3)
  Natasha (thrice) (D:2)
  A boggart zombie (Crypt:1)
  18 orc wizards
  2 iguanas
  An ice beast zombie (Crypt:1)
  2 ogre zombies
  A tengu zombie (Crypt:3)
  An acid dragon zombie (Crypt:1)
  A bullfrog simulacrum (Ossuary)
  3 mummies
  Robin (D:3)
  12 gnolls
  6 adders
  13 white imps
  A ribbon worm zombie (Crypt:3)
  2 ufetubi (D:7)
  3 adder zombies
  2 dart slugs
  A ribbon worm (D:4)
  87 orcs
  5 ball pythons
  10 endoplasms
  5 giant cockroaches
  10 gnoll zombies (Ossuary)
  14 goblins
  7 hobgoblins
  11 kobolds
  5 quokkas
  A ball python skeleton (D:2)
  A ball python zombie (D:2)
  A bat (D:3)
  6 frilled lizards
  A frilled lizard skeleton (Crypt:2)
  A goblin zombie (D:6)
  A hobgoblin skeleton (Crypt:2)
  A hobgoblin zombie (Crypt:3)
  5 jackal zombies (Ossuary)
  A kobold zombie (D:6)
  2 orc zombies (Ossuary)
  7 rats
  A starspawn tentacle (Abyss:1)
1926 creatures vanquished.

Vanquished Creatures (collateral kills)
  2 dancing weapons (Elf:1)
  A deep troll (Vaults:2)
3 creatures vanquished.

Vanquished Creatures (others)
  A deep elf high priest (Vaults:4)
  A deep elf knight (D:14)
  2 deep elf archers
  A deep elf pyromancer (Elf:2)
  An ironbound convoker (Vaults:3)
  A cyclops (D:12)
  A bloated husk (Swamp:1)
  A water elemental (Elf:1)
  A yak (Lair:5)
  A swamp worm (Swamp:1)
  An orc wizard (Orc:1)
  A kobold (D:14)
  10 foxfires
  3 starspawn tentacles (Abyss:1)
26 creatures vanquished.

Grand Total: 1955 creatures vanquished

Notes
Turn   | Place    | Note
-------+----------+-------------------------------------------
     0 | D:1      | jagoly the Armataur Wanderer began the quest for the Orb.
     0 | D:1      | jagoly set off with the following items: a +0 dagger, an
                  | atropa-tipped dart, 2 datura-tipped darts, a +0 helmet, a
                  | scroll of teleportation, a +0 robe; and the following spell
                  | memorised: Freeze; and the following spells available to
                  | memorise: Hailstorm.
     0 | D:1      | Reached XP level 1. HP: 14/14 MP: 3/3
   137 | D:1      | Reached skill level 1 in Fighting
   245 | D:1      | Reached XP level 2. HP: 21/23 MP: 4/4
   701 | D:2      | Reached XP level 3. HP: 17/29 MP: 5/5
   971 | D:2      | Reached XP level 4. HP: 38/38 MP: 6/6
  1013 | D:2      | Found an ornate altar of the Wu Jian Council.
  1219 | D:2      | Noticed Natasha
  1227 | D:2      | Killed Natasha
  1338 | D:2      | Noticed Natasha
  1471 | D:1      | You fall into a shaft and drop 1 floor!
  1488 | D:2      | Killed Natasha
  1489 | D:2      | Reached XP level 5. HP: 31/45 MP: 7/7
  1612 | D:3      | Found Osocveme's Antique Armour Shop.
  1767 | D:2      | Noticed Natasha
  1774 | D:2      | Killed Natasha
  1885 | D:3      | Found a faded altar of an unknown god.
  1905 | D:3      | Noticed Sigmund
  1958 | D:3      | Reached XP level 6. HP: 44/53 MP: 8/8
  2181 | D:3      | Noticed Ijyb
  2188 | D:3      | Noticed Jessica
  2193 | D:3      | Killed Ijyb
  2198 | D:3      | Killed Jessica
  2428 | D:3      | Noticed Pargi
  2557 | D:4      | Found a staircase to the Ecumenical Temple.
  2570 | Temple   | Entered the Ecumenical Temple
  2582 | Temple   | Became a worshipper of Zin the Law-Giver
  2582 | Temple   | Reached * piety under Zin
  2773 | D:4      | Reached skill level 5 in Fighting
  2785 | D:4      | Reached skill level 1 in Maces & Flails
  3000 | D:4      | Found a sacrificial altar of Ru.
  3006 | D:4      | Found a white marble altar of Elyvilon.
  3006 | D:4      | Found a glowing golden altar of the Shining One.
  3027 | D:4      | Reached ** piety under Zin
  3053 | D:4      | Noticed Duvessa
  3053 | D:4      | Noticed Dowan
  3072 | D:4      | Killed Duvessa
  3073 | D:4      | Gained mutation: You regenerate magic and health when
                  | rolling toward enemies. (Rampage Regen) [Armataur growth]
  3073 | D:4      | Reached XP level 7. HP: 45/61 MP: 9/9
  3084 | D:4      | Killed Dowan
  3405 | D:5      | Entered Level 5 of the Dungeon
  3714 | D:5      | Reached skill level 5 in Maces & Flails
  3778 | D:5      | Reached *** piety under Zin
  3919 | D:5      | Reached XP level 8. HP: 63/68 MP: 10/10
  4147 | D:5      | Found a shadowy altar of Dithmenos.
  4591 | D:6      | Noticed Prince Ribbit
  4599 | D:6      | Killed Prince Ribbit
  4773 | D:6      | Found a sand-covered staircase.
  4814 | Ossuary  | Entered an ossuary
  4841 | Ossuary  | Reached **** piety under Zin
  4966 | Ossuary  | Reached XP level 9. HP: 73/74 MP: 11/11
  5162 | D:6      | Found a burning altar of Makhleb.
  5204 | D:6      | Identified the maw talisman of the Salamander {Str+5}
  5329 | D:6      | Found a shimmering blue altar of Sif Muna.
  5431 | D:6      | Found Xiuraddi's Antique Armour Boutique.
  5576 | D:7      | Reached ***** piety under Zin
  5758 | D:7      | Found a runed translucent door.
  5759 | D:7      | Noticed Crazy Yiuf
  5976 | D:7      | Noticed Joseph
  6238 | D:7      | Killed Joseph
  6239 | D:7      | Reached skill level 10 in Maces & Flails
  6403 | D:7      | Killed Crazy Yiuf
  6512 | D:7      | Reached skill level 5 in Armour
  6562 | D:8      | Identified the ring "Genugati" {Dex+2 SInv}
  6570 | D:8      | Noticed Psyche
  6627 | D:8      | Killed Psyche
  6725 | D:8      | Noticed a two-headed ogre
  6855 | D:8      | Reached XP level 10. HP: 83/83 MP: 12/12
  7368 | D:9      | Found a staircase to the Lair.
  7396 | D:9      | Found Moroipam's Weapon Shop.
  7444 | D:9      | Found Dylufuff's Distillery.
  7460 | D:9      | Bought a potion of cancellation for 96 gold pieces
  7460 | D:9      | Bought a potion of haste for 120 gold pieces
  7717 | D:9      | Found Danlypri's General Store.
  7868 | D:10     | Entered Level 10 of the Dungeon
  8061 | D:3      | Noticed Robin
  8065 | D:3      | Killed Pargi
  8086 | D:3      | Killed Robin
  8100 | D:3      | Killed Sigmund
  8281 | D:10     | Noticed Maurice
  8292 | D:10     | Something stole a ring of resist corrosion
  8294 | D:10     | Something stole a +5 war axe
  8296 | D:10     | Something stole 14 poisoned darts
  8298 | D:10     | Something stole 184 gold
  8301 | D:10     | Something stole 109 gold
  8315 | D:10     | Killed Maurice
  8413 | D:10     | Found a radiant altar of Vehumet.
  8462 | D:10     | Reached XP level 11. HP: 86/93 MP: 13/13
  8556 | D:10     | Found a runed translucent gate.
  8557 | D:10     | Found a runed translucent gate.
  8557 | D:10     | Found an opulent altar of Gozag.
  8557 | D:10     | Noticed an obsidian statue
  8558 | D:10     | Found a runed translucent gate.
  8564 | D:10     | Noticed Dorkslayer's ghost (journeyman OpSh)
  8839 | D:11     | Identified the +1 robe "Hunosigi" {rF++ rCorr Str-5 Dex+3}
  9045 | D:11     | Found Oxuun's Antique Weapon Boutique.
  9237 | D:11     | Found a staircase to the Orcish Mines.
  9244 | D:11     | Found a roughly hewn altar of Beogh.
  9402 | D:11     | Noticed a two-headed ogre
 10208 | D:11     | Killed a two-headed ogre
 10327 | D:8      | Killed a two-headed ogre
 10421 | D:12     | Noticed a deep elf pyromancer
 10475 | D:11     | Killed a deep elf pyromancer
 10485 | D:12     | Noticed a deep elf pyromancer
 10525 | D:11     | Killed a deep elf pyromancer
 10622 | D:12     | Found a corrupted altar of Lugonu.
 10737 | D:12     | Noticed a two-headed ogre
 10802 | D:12     | Killed a two-headed ogre
 11159 | Lair:1   | Entered Level 1 of the Lair of Beasts
 11253 | Lair:1   | Noticed a death yak
 11254 | Lair:1   | Noticed a death yak
 11284 | Lair:1   | Killed a death yak
 11340 | Lair:1   | Found a frozen archway.
 11355 | Lair:1   | Reached XP level 12. HP: 77/101 MP: 15/15
 11423 | Lair:1   | Found a dark tunnel.
 11434 | Volcano  | Entered a volcano
 11607 | Volcano  | Found a radiant altar of Vehumet.
 11798 | Volcano  | Reached skill level 15 in Maces & Flails
 12093 | Lair:1   | Noticed a death yak
 12143 | Lair:1   | Noticed a death yak
 12155 | Lair:1   | Killed a death yak
 12164 | Lair:1   | Killed a death yak
 12172 | Lair:1   | Killed a death yak
 12908 | Lair:2   | Reached ****** piety under Zin
 13002 | Lair:2   | Noticed Amaemon
 13057 | Lair:2   | Killed Amaemon
 13058 | Lair:2   | Reached skill level 10 in Armour
 13058 | Lair:2   | Reached XP level 13. HP: 56/110 MP: 16/16
 13397 | Lair:2   | Found a hole to the Spider Nest.
 13895 | Lair:3   | Reached skill level 10 in Fighting
 13930 | Lair:3   | Reached skill level 1 in Shields
 14484 | Lair:3   | Found a staircase to the Swamp.
 14720 | Lair:3   | Reached skill level 5 in Shields
 15194 | Lair:4   | Identified 2 scrolls of acquirement
 15195 | Lair:4   | Acquired a manual of Evocations
 15197 | Lair:4   | Acquired the +4 barding "Ylycihis" {rN+ Will- Dex+4}
 15988 | Lair:5   | Entered Level 5 of the Lair of Beasts
 16000 | Lair:5   | Reached skill level 10 in Shields
 16132 | Lair:5   | Reached XP level 14. HP: 105/121 MP: 17/17
 16208 | Lair:5   | Found a viscous altar of Jiyva.
 16221 | Lair:5   | Found a staircase to the Slime Pits.
 17043 | Lair:5   | Reached skill level 5 in Invocations
 17777 | D:9      | Bought a potion of might for 48 gold pieces
 17871 | D:10     | Killed Dorkslayer's ghost
 17954 | Orc:1    | Entered Level 1 of the Orcish Mines
 18066 | Orc:2    | Entered Level 2 of the Orcish Mines
 18094 | Orc:2    | Found a roughly hewn altar of Beogh.
 18249 | Orc:2    | Found a staircase to the Elven Halls.
 18465 | Orc:1    | Noticed Erolcha
 18466 | Abyss:1  | Found a corrupted altar of Lugonu.
 18466 | Abyss:1  | Cast into level 1 of the Abyss (Erolcha)
 18490 | Abyss:1  | Found a corrupted altar of Lugonu.
 18491 | Abyss:1  | Found a corrupted altar of Lugonu.
 18491 | Abyss:1  | Found a corrupted altar of Lugonu.
 18772 | Abyss:1  | Noticed a tentacled starspawn
 18786 | Abyss:1  | Killed a tentacled starspawn
 18857 | Abyss:1  | Reached XP level 15. HP: 117/126 MP: 21/21
 18929 | Orc:1    | Escaped the Abyss
 18934 | Orc:1    | Killed Erolcha
 18946 | Orc:1    | You fall into a shaft and drop 1 floor!
 19008 | Orc:2    | Found a shimmering blue altar of Sif Muna.
 19119 | Orc:2    | Reached skill level 10 in Invocations
 19440 | Orc:2    | Found Xeuhuxoe's Magic Scroll Boutique.
 19440 | Orc:2    | Found Wezuidde's Antique Armour Shop.
 19623 | Orc:2    | Found a roughly hewn altar of Beogh.
 19633 | Orc:2    | Paralysed by an ogre mage for 3 turns
 20038 | Orc:2    | Found Nunk's Weapon Boutique.
 20038 | Orc:2    | Found Jut Yrre's Distillery.
 20053 | Orc:2    | Bought a potion of berserk rage for 70 gold pieces
 20277 | Orc:1    | Noticed Josephine
 20294 | Orc:1    | Killed Josephine
 20303 | Orc:1    | Reached skill level 5 in Evocations
 20422 | Orc:2    | Bought a pair of glowing gloves for 195 gold pieces
 20443 | Orc:2    | Bought a scroll of brand weapon for 123 gold pieces
 20474 | Orc:2    | Bought a potion of heal wounds for 70 gold pieces
 20474 | Orc:2    | Bought a potion of heal wounds for 70 gold pieces
 20681 | D:13     | Reached skill level 1 in Throwing
 20805 | D:13     | Found Mudong's Magic Scroll Emporium.
 20812 | D:13     | Bought a scroll of blinking for 97 gold pieces
 20851 | D:13     | Found a gate to the Vaults.
 21633 | D:14     | Reached skill level 10 in Evocations
 22064 | D:14     | Identified the orb of Miheic {guile, rElec}
 22120 | D:14     | Reached XP level 16. HP: 131/134 MP: 25/25
 22725 | D:15     | Entered Level 15 of the Dungeon
 22819 | D:15     | Noticed Rupert
 22852 | D:15     | Paralysed by Rupert for 5 turns
 22857 | D:15     | Killed Rupert
 23593 | D:15     | Found a staircase to the Depths.
 23850 | Elf:1    | Entered Level 1 of the Elven Halls
 23972 | Elf:1    | Identified the +7 falchion of Taq Xyte {drain, rC+}
 24026 | Elf:1    | Noticed Nikola
 24033 | Elf:1    | Killed Nikola
 24326 | Elf:1    | Paralysed by an air elemental for 1 turns
 24580 | Elf:1    | Got Vehumet's Tome of Attacks
 24756 | Elf:1    | You fall into a shaft and drop 1 floor!
 24819 | Elf:2    | Found Efel's General Store.
 25207 | Elf:2    | Reached skill level 5 in Dodging
 25324 | Elf:2    | Found a runed translucent gate.
 25325 | Elf:2    | Found a runed translucent gate.
 25327 | Elf:2    | Found a runed translucent gate.
 26338 | Elf:2    | Reached XP level 17. HP: 142/144 MP: 26/26
 26526 | Orc:2    | Bought a scroll of enchant weapon for 97 gold pieces
 26526 | Orc:2    | Bought a scroll of enchant weapon for 97 gold pieces
 26526 | Orc:2    | Bought a scroll of enchant weapon for 97 gold pieces
 26749 | Spider:1 | Entered Level 1 of the Spider Nest
 26880 | Spider:1 | Noticed Donald
 26927 | Spider:1 | Killed Donald
 28125 | Spider:2 | Noticed Jorgrun
 28168 | Spider:2 | Killed Jorgrun
 28614 | Spider:2 | Noticed Arachne
 29506 | Spider:2 | Killed Arachne
 30106 | Spider:3 | Found a transporter.
 30108 | Spider:3 | Noticed Ynitteir's ghost (adept TrFi)
 30132 | Spider:3 | Found a transporter.
 31107 | Spider:4 | Entered Level 4 of the Spider Nest
 31439 | Spider:4 | Identified the +5 dagger of Infection {protect, Str+4
                  | Dex+5}
 31661 | Spider:4 | Reached XP level 18. HP: 62/160 MP: 28/28
 31835 | Spider:4 | Reached skill level 15 in Invocations
 32469 | Spider:4 | Got a gossamer rune of Zot
 32770 | Spider:3 | Killed Ynitteir's ghost
 33176 | D:3      | Bought a glowing chain mail for 180 gold pieces
 33378 | Swamp:1  | Entered Level 1 of the Swamp
 35462 | Swamp:4  | Entered Level 4 of the Swamp
 35717 | Swamp:4  | Reached XP level 19. HP: 155/167 MP: 32/32
 35891 | Swamp:4  | Reached skill level 15 in Armour
 36130 | Swamp:4  | Noticed the 27-headed Lernaean hydra
 36163 | Swamp:4  | Killed the 27-headed Lernaean hydra
 36433 | Swamp:4  | Got a decaying rune of Zot
 36454 | Swamp:4  | Learned a level 2 spell: Blink
 36808 | Vaults:1 | Entered Level 1 of the Vaults
 36907 | Vaults:1 | Found Sauxty's Magic Scroll Shop.
 36913 | Vaults:1 | Bought a scroll of acquirement for 832 gold pieces
 36913 | Vaults:1 | Acquired the ring "Fenyqiw" {Ice Str+4 Int+4}
 36957 | Vaults:1 | Reached skill level 1 in Translocations
 37516 | Vaults:1 | Identified the +5 mace "Aubergine" {vamp, *Rage Fly rC+
                  | Will++}
 37549 | Vaults:1 | Found a portal to a secret trove of treasure.
 37578 | Trove    | Entered a treasure trove
 37582 | Trove    | Identified the +2 morningstar "Siracack" {freeze, rF- Str+3
                  | Stlth+}
 37604 | Trove    | Identified the +2 scale mail of Immorality {rC++ Regen+
                  | MP+9 Int-5}
 37614 | Trove    | Got Sif Muna's Omnibus of Bright Points
 37621 | Trove    | Identified the staff "Ujoik" {rPois MP+9 Int+4 Stlth+
                  | Alchemy}
 38017 | Vaults:1 | Reached skill level 15 in Fighting
 38559 | Vaults:1 | Identified the ring of Porel {^Contam Fly rPois rN+++
                  | Will-}
 39313 | Vaults:2 | Reached XP level 20. HP: 131/180 MP: 33/33
 39377 | Vaults:2 | Found Itwaysem's Distillery.
 39381 | Vaults:2 | Found Gyhus's General Store.
 39950 | Vaults:2 | Learned a level 4 spell: Manifold Assault
 40680 | Vaults:3 | Found a staircase to the Crypt.
 40811 | Vaults:3 | Reached skill level 15 in Shields
 40894 | Vaults:3 | Paralysed by a formless jellyfish for 1 turns
 41251 | Vaults:3 | Identified the +2 mace of the Sugar Beet {venom, Will+
                  | rCorr Dex+3}
 41492 | Vaults:3 | Identified the +8 shortbow of Exquisite Death {freeze,
                  | Str-2 Int+7}
 41583 | Crypt:1  | Entered Level 1 of the Crypt
 41980 | Crypt:1  | Reached skill level 5 in Translocations
 43568 | Crypt:2  | Found a runed translucent gate.
 43570 | Crypt:2  | Noticed Nyubb's ghost (veteran MiGl)
 43571 | Crypt:2  | Found a runed translucent gate.
 43571 | Crypt:2  | Found a runed translucent gate.
 43932 | Crypt:3  | Entered Level 3 of the Crypt
 44389 | Crypt:3  | Reached skill level 10 in Translocations
 44447 | Crypt:3  | Reached XP level 21. HP: 110/188 MP: 34/34
 44748 | Crypt:3  | Found a basalt altar of Yredelemnul.
 44785 | Crypt:3  | Noticed a dread lich
 44894 | Crypt:2  | Found a basalt altar of Yredelemnul.
 44926 | Crypt:3  | Found a staircase to the Tomb.
 45742 | Crypt:3  | Killed a dread lich
 46995 | Vaults:4 | Found a magical portal.
 47005 | WizLab   | Entered The Chambers of the Cloud Mage
 47095 | WizLab   | Paralysed by an air elemental for 1 turns
 47109 | WizLab   | Paralysed by an air elemental for 1 turns
 47111 | WizLab   | Paralysed by an air elemental for 1 turns
 47114 | WizLab   | Paralysed by an air elemental for 1 turns
 47598 | WizLab   | Paralysed by an air elemental for 1 turns
 47712 | WizLab   | Paralysed by an air elemental for 1 turns
 47714 | WizLab   | Paralysed by an air elemental for 1 turns
 47721 | WizLab   | Paralysed by an air elemental for 1 turns
 47766 | WizLab   | Paralysed by an air elemental for 1 turns
 48089 | WizLab   | Got the Vademecum on the Earthen Commander
 48091 | WizLab   | Got the Papyrus of Astrapomancy
 48585 | Vaults:4 | Identified the +6 falchion of the Little People {drain,
                  | Dex+4}
 48890 | Vaults:4 | Noticed Bai Suzhen
 48922 | Vaults:4 | Killed Bai Suzhen
 49377 | Vaults:4 | Reached XP level 22. HP: 125/198 MP: 14/35
 49975 | Crypt:2  | Learned a level 1 spell: Apportation
 50019 | Crypt:2  | Identified the +0 hat "Valumuq" {rC+ Str+4 Stlth+}
 50297 | D:6      | Upgraded the game from 0.32-a0-314-g526f7d4 to
                  | 0.32-a0-328-gd8048dd
 50523 | Vaults:2 | Bought a phantom mirror for 800 gold pieces
 51286 | Elf:3    | Entered Level 3 of the Elven Halls
 52082 | Elf:3    | Identified the amulet "Riuk" {RegenMP rElec rC+++ rN+
                  | Dex-3}
 52798 | Elf:3    | Identified the +11 demon trident "Dragon's Tongue"
                  | {protect, *Noise rN++ Str+5}
 53388 | Elf:3    | Identified the staff of Bobiklie {rElec rF+ Str-5 Summ
                  | Fire}
 53484 | Elf:3    | Identified the storm talisman of Wyganouph {Str-5 Int+3
                  | Dex+4 SInv}
 53716 | Elf:2    | Bought a potion of heal wounds for 65 gold pieces
 53716 | Elf:2    | Bought a scroll of enchant armour for 97 gold pieces
 53938 | Orc:2    | Bought a potion of curing for 42 gold pieces
 53938 | Orc:2    | Bought a potion of might for 56 gold pieces
 53938 | Orc:2    | Bought a potion of ambrosia for 112 gold pieces
 54566 | Slime:1  | Entered Level 1 of the Pits of Slime
 54610 | Slime:2  | Reached skill level 15 in Translocations
 55161 | Slime:5  | Entered Level 5 of the Pits of Slime
 55630 | Slime:5  | Noticed the Royal Jelly
 55700 | Slime:5  | Killed the Royal Jelly
 55914 | Slime:5  | Found the +6 lightning scales {swift, rElec}
 55944 | Slime:5  | Identified the +4 war axe "Beobbaoci" {distort, rN++ Str-5
                  | Int+3}
 55949 | Slime:5  | Identified the ring "Tefung" {rElec EV+5 Str+3}
 55961 | Slime:5  | Identified the ring of Yredelemnul's Hatred {rC+ rN+ rCorr
                  | SInv}
 55977 | Slime:5  | Identified the +2 ice dragon scales of Rojoun {rF- rC++
                  | Dex+4}
 55979 | Slime:5  | Got a slimy rune of Zot
 55986 | Slime:5  | Got the Secrets of the Petrous Throng
 56000 | Slime:5  | Identified the ring "Raxicu" {^Drain rPois Str-3 Int+3
                  | Slay+4}
 56029 | Slime:5  | Identified the +8 arbalest of Green Tender Mercy
                  | {antimagic, Fly rElec rC- rN+}
 56651 | Crypt:2  | Killed Nyubb's ghost
 57198 | Vaults:4 | Learned a level 6 spell: Dispersal
 57250 | Vaults:5 | Entered Level 5 of the Vaults
 57255 | Vaults:5 | Noticed a golden dragon
 57259 | Vaults:5 | Reached XP level 23. HP: 136/209 MP: 10/36
 57585 | Vaults:5 | Identified the +6 hand axe "Ecviptek" {holy, +Blink rElec
                  | Will++}
 57922 | Vaults:5 | Identified the staff "Dekh" {rF+ MP-9 Str+3 Stlth+ Fire
                  | Alchemy}
 57947 | Vaults:5 | Noticed an ancient lich
 58053 | Vaults:5 | Killed from afar by a titan

Illustrated notes

Levels and vault maps discovered:
D:1:      spicycebolla_green_bress_n_ham_2, layout_loops_ring,
          minmay_hexomino_f4
D:2:      layout_basic, basic_altar, serial_undead, serial_undead_b,
          serial_undead_d, serial_undead_f, serial_undead_f, minmay_cupped,
          uniq_natasha
D:3:      layout_rooms, serial_shops, shop,
          hellmonk_ecumenical_altar_leap_of_faith, kennysheep_potato,
          uniq_robin, uniq_pargi, uniq_jessica, uniq_sigmund, uniq_ijyb
D:4:      minmay_general_purpose_star, layout_loops_ring,
          gammafunk_temple_overflow_forgotten, minmay_temple_entry_junction,
          uniq_duvessa
D:5:      layout_loops_ring, kennysheep_little_box
D:6:      layout_cave_pools, mainiacjoe_overflow_swirl,
          nicolae_ossuary_entry_giza, serial_shops,
          nicolae_shop_real_fake_doors, amcnicky_mini_pool_medium,
          uniq_prince_ribbit1
D:7:      layout_gridville, kennysheep_generic_room_6, uniq_joseph,
          uniq_crazy_yiuf_cottage
D:8:      layout_gridville, amethyst_killhole, lightli_minifort, uniq_psyche
D:9:      layout_basic, due_lair_maze_entry_diamond, serial_shops, shop,
          nicolae_shop_industrial_runoff, shop, minmay_crystal_water
D:10:     layout_cave_pools, mainiacjoe_overflow_small_starburst,
          ebering_ghost_gozag, uniq_maurice
D:11:     layout_loops_corners, minmay_orc_entry_temple_small, serial_shops,
          nicolae_shop_pleasant_corner_grove, minmay_variable_closet
D:12:     layout_roguey, tgw_lugonu_bribe
D:13:     layout_rooms, erik_vaults_2, serial_shops, shop
D:14:     minmay_big_diamond_grid, layout_basic, minivault_14
D:15:     hellmonk_depths_entry_around_the_bend, layout_loops_corners,
          hangedman_decor_points, uniq_rupert
Temple:   eino_wide_crystal_templ
Lair:1:   layout_gridlike, portal_ice_cave_entry_imps, enter_volcano_2,
          infiniplex_staircase_pool_2
Lair:2:   layout_gridlike, nicolae_spider_entry_tight_spaces,
          beast_lair_carwin_4, infiniplex_staircase_pool, grunt_megastairs_4,
          uniq_amaemon
Lair:3:   layout_cave_pods, minmay_swamp_entry_swarm, dreamdust_gnoll_shepherd,
          grunt_megastairs_1
Lair:4:   layout_gridlike, beast_lair_carwin_9
Lair:5:   evilmike_catoblepas_cave, layout_cave_pods,
          nicolae_slime_entry_field_trip, serial_bayou_ford_a,
          grunt_megastairs_2
Swamp:1:  layout_falls_marsh, hangedman_swamp_ruin_wall, swamp_pool_4
Swamp:2:  layout_falls_marsh, evilmike_swamp_ruin_house_2
Swamp:3:  layout_basic_swamp, nicolae_swamp_round_clearing,
          nicolae_swamp_tree_isthmus
Swamp:4:  swamp_old_school, layout_basic_swamp
Spider:1: layout_chambers, uniq_donald
Spider:2: layout_spider_delve, hangedman_spider_tarantella_strand, uniq_jorgrun,
          uniq_arachne
Spider:3: layout_spider_delve, gammafunk_ghost_mausoleum
Spider:4: hellmonk_spider_rune_bug_friends, nicolae_spider_shape
Slime:1:  layout_caves, nicolae_slime_barrier
Slime:2:  layout_caves
Slime:3:  layout_caves
Slime:4:  layout_caves
Slime:5:  slime_pit
Orc:1:    layout_caves, uniq_nergalle, uniq_josephine, uniq_erolcha
Orc:2:    st_orc_town, layout_diamond_mine, basic_altar, led_sif_book
Elf:1:    eino_elf_arrival_customs, layout_gridlike, minmay_elf_annihilation,
          uniq_nikola
Elf:2:    elven_hall_of_blades_hangedman_original
          [nicolae_blade_entry_floor_patterns], layout_onion_city, serial_shops,
          shop
Elf:3:    grunt_elf_hall_spiral, layout_geoelf_octagon
Vaults:1: vaults_dpeg_encased_lava, nicolae_vaults_border_crossing,
          nicolae_vaults_windows_and_doors_thing, vaults_dpeg_hooks,
          nicolae_vaults_storage_closets_2, ontoclasm_vaults_ligature, v_misc_4,
          dpeg_vaults_monster_box, nicolae_vaults_network_s,
          ontoclasm_vaults_ring_large, vaults_dpeg_cross,
          nicolae_vaults_trapezoid_lopsided_3, ontoclasm_vaults_decontamination,
          nicolae_vaults_house_3, vaults_room_stairs_pillars,
          layout_vaults_maze_bifur, serial_shops, shop,
          nicolae_trove_entry_free_sample
Vaults:2: ontoclasm_vaults_twist, v_misc_23, nicolae_vaults_what_the_h,
          nicolae_vaults_more_shelving_2, nicolae_vaults_house_2,
          nicolae_vaults_diagonal_hallway_7, nicolae_vaults_diamond_1,
          nicolae_vaults_an_arrangement, ontoclasm_vaults_hangar,
          nicolae_vaults_tetromino_Z_2, layout_vaults_omnicross, serial_shops,
          nicolae_shop_temple_entry_statues_fountains, shop
Vaults:3: nicolae_vaults_disappearing_quadrants,
          nicolae_vaults_heart-shaped_vault, ontoclasm_vaults_hangar,
          vaults_mumra_minichess, nicolae_vaults_alarming,
          layout_vaults_omnigrid
Vaults:4: mu_enter_wizlab_2, nicolae_vaults_closet_pinwheel_6,
          vaults_standard_mumra_lines, nicolae_vaults_network_star,
          nicolae_vaults_hallways_thing, vaults_room_fancy_cross,
          nicolae_vaults_prndl, nicolae_vaults_shelves_hall, v_pattern_4,
          nicolae_vaults_ring_of_whatevers, nicolae_vaults_surprise_closet_hard,
          nicolae_vaults_diamond_2, layout_vaults_ring, uniq_bai_suzhen
Vaults:5
Crypt:1:  layout_gridlike
Crypt:2:  layout_regular_city, gammafunk_ghost_spectres, grunt_megastairs_5,
          lemuel_upstairs_altar
Crypt:3:  church_of_pain_bobbens, layout_chaotic_city, tomb_entry_simple_bobbens

Skill      XL: |  1  2  3  4  5  6  7  8  9 10 11 12 13 14 15 16 17 18 19 20 21 22 23 |
---------------+----------------------------------------------------------------------+-----
Fighting       | 1 2 3 4 5 6 8 10 11 14 16 18 | 18.0
Armour         | 3 6 8 10 12 14 16 18 | 18.0
Stealth        | 4 |  4.0
Dodging        | 2 5 6 8 |  8.0
Maces & Flails | 2 5 8 10 11 14 16 | 16.0
Invocations    | 2 4 9 12 14 18 | 18.7
Shields        | 10 12 14 16 | 16.0
Evocations     | 2 4 12 | 12.0
Throwing       | 2 |  2.0
Translocations | 4 10 14 17 18 | 18.0
Spellcasting   | 2 |  2.0
Ice Magic      | |  1.0

Action                     |  1- 3 |  4- 6 |  7- 9 | 10-12 | 13-15 | 16-18 | 19-21 | 22-24 || total
---------------------------+-------+-------+-------+-------+-------+-------+-------+-------++-------
  Melee: Mace              |    39 |       |       |       |       |       |       |       ||    39
         Short sword       |     5 |       |       |       |       |       |       |       ||     5
         Dagger            |    16 |   152 |   273 |    63 |       |       |       |       ||   504
         Tailslap          |     2 |    28 |    61 |   167 |   382 |   389 |   492 |   113 ||  1634
         Flail             |       |       |   120 |   416 |   114 |       |       |       ||   650
         Morningstar       |       |       |    20 |   301 |  1698 |   635 |       |       ||  2654
         Unarmed           |       |       |     1 |       |       |       |       |       ||     1
         War axe           |       |       |       |    68 |     7 |       |       |       ||    75
         Eveningstar       |       |       |       |       |       |  1270 |  2465 |   965 ||  4700
  Throw: Stone             |     2 |       |     6 |       |    17 |       |       |       ||    25
         Dart              |       |       |     1 |    20 |     5 |     5 |       |       ||    31
         Boomerang         |       |       |       |       |       |    14 |    15 |    39 ||    68
         Throwing net      |       |       |       |       |       |     1 |     1 |       ||     2
         Javelin           |       |       |       |       |       |       |     4 |       ||     4
   Cast: Freeze            |     8 |     6 |       |       |       |       |       |       ||    14
         Blink             |       |       |       |       |       |       |     4 |     7 ||    11
         Manifold Assault  |       |       |       |       |       |       |    99 |   284 ||   383
         Apportation       |       |       |       |       |       |       |       |     7 ||     7
 Invoke: Recite            |       |       |    15 |    20 |    33 |    28 |    17 |     8 ||   121
         Vitalisation      |       |       |       |       |     8 |    13 |     6 |     7 ||    34
         Sanctuary         |       |       |       |       |       |     3 |     2 |     3 ||     8
         Imprison          |       |       |       |       |       |     1 |       |       ||     1
  Evoke: Wand              |       |       |     1 |    13 |    22 |    20 |    16 |     9 ||    81
         Lightning rod     |       |       |       |       |       |       |     5 |       ||     5
         Sack of spiders   |       |       |       |       |       |       |     1 |     1 ||     2
         Tin of tremorston |       |       |       |       |       |       |       |     4 ||     4
         Phantom mirror    |       |       |       |       |       |       |       |     1 ||     1
    Use: Scroll            |       |       |    10 |     8 |     8 |    25 |    17 |    16 ||    84
         Potion            |       |       |       |     3 |     6 |     3 |     4 |    13 ||    29
   Stab: Sleeping          |     5 |    10 |    12 |     3 |       |       |       |       ||    30
         Distracted        |       |       |     1 |       |       |     4 |       |       ||     5
         Invisible         |       |       |       |    14 |    11 |     8 |     4 |     1 ||    38
         Confused          |       |       |       |     1 |    16 |    18 |     1 |       ||    36
         Petrified         |       |       |       |       |    10 |       |       |       ||    10
         Paralysed         |       |       |       |       |    18 |     3 |       |       ||    21
         Fleeing           |       |       |       |       |       |       |     1 |       ||     1
 Armour: Robe              |    12 |    68 |   157 |       |       |       |       |       ||   237
         Scale mail        |     5 |       |       |       |       |       |       |       ||     5
         Leather armour    |       |    15 |     6 |       |       |       |       |       ||    21
         Ring mail         |       |       |    25 |   662 |       |       |       |       ||   687
         Skin              |       |       |     1 |       |       |       |       |       ||     1
         Chain mail        |       |       |       |    40 |  1140 |  1530 |  1965 |   147 ||  4822
         Plate armour      |       |       |       |       |       |       |       |   219 ||   219
         Fire dragon scale |       |       |       |       |       |       |       |   165 ||   165
  Dodge: Dodged            |    42 |    97 |   270 |   648 |   542 |   578 |   461 |   116 ||  2754
  Block: Kite shield       |       |       |       |       |   831 |  1303 |  1279 |   375 ||  3788
         Buckler           |       |       |       |       |    30 |       |   161 |       ||   191

Table legend: (Time is in decaauts)
 A = Elapsed time spent in this place.
 B = Non-inter-level travel time spent in this place.
 C = Inter-level travel time spent in this place.
 D = Time resting spent in this place.
 E = Time spent auto-exploring this place.
 F = Levels seen in this place.
 G = Mean time per level.
                   A        B        C        D        E       F      G
               +--------+--------+--------+--------+--------+-----+--------+
         Total |  56472 |  49031 |   7441 |   3966 |  29291 |  52 | 1086.0 |
       Dungeon |  15251 |  12896 |   2355 |    396 |   8725 |  15 | 1016.7 |
        Temple |     24 |      2 |     22 |      0 |      0 |   1 |   24.0 |
          Lair |   6597 |   5619 |    978 |    255 |   3646 |   5 | 1319.4 |
         Swamp |   2762 |   2544 |    218 |    165 |   1498 |   4 |  690.5 |
   Spider Nest |   6252 |   5631 |    621 |    288 |   3801 |   4 | 1563.0 |
    Slime Pits |   1546 |   1465 |     81 |    567 |    309 |   5 |  309.2 |
  Orcish Mines |   2419 |   1879 |    540 |     77 |   1165 |   2 | 1209.5 |
   Elven Halls |   5567 |   5092 |    475 |    764 |   2601 |   3 | 1855.7 |
        Vaults |   8122 |   6562 |   1560 |    438 |   4194 |   5 | 1624.4 |
         Crypt |   5738 |   5150 |    588 |    508 |   2987 |   3 | 1912.7 |
         Abyss |    404 |    404 |      0 |      0 |      0 |   1 |  404.0 |
         Trove |     62 |     62 |      0 |      0 |      0 |   1 |   62.0 |
       Ossuary |    214 |    214 |      0 |      0 |     71 |   1 |  214.0 |
       Volcano |    372 |    372 |      0 |     38 |      0 |   1 |  372.0 |
        Wizlab |   1135 |   1135 |      0 |    468 |    293 |   1 | 1135.0 |
               +--------+--------+--------+--------+--------+-----+--------+

Top non-repeatable levels by time:
 Crypt:3: 2474 daAuts
Vaults:1: 2437 daAuts
   Elf:3: 2351 daAuts
Vaults:4: 2267 daAuts
   Orc:2: 2148 daAuts
 Crypt:2: 1987 daAuts
   Elf:2: 1942 daAuts
    D:11: 1790 daAuts
Spider:2: 1749 daAuts
Spider:3: 1725 daAuts
  Lair:5: 1668 daAuts
Vaults:3: 1539 daAuts
Vaults:2: 1538 daAuts
  Lair:1: 1516 daAuts
Spider:1: 1398 daAuts
